 Dungeon Crawl Stone Soup version 0.21-a0-143-g1ab7d47 (webtiles) character file.

156 drasked the Skirmisher (level 5, -4/50 HPs)
             Began as a Hill Orc Monk on July 25, 2017.
             Slain by Crazy Yiuf
             ... wielding a +4 quarterstaff of chaos
              (12 damage)
             ... on level 3 of the Dungeon.
             The game lasted 00:09:53 (3245 turns).

drasked the Skirmisher (Hill Orc Monk)              Turns: 3245, Time: 00:09:53

Health: -4/50      AC: 13    Str: 15    XL:     5   Next: 37%
Magic:  5/5        EV: 11    Int: 10    God:
Gold:   161        SH:  0    Dex: 13    Spells: 4/4 levels left

rFire    . . .     SeeInvis .   m - +0 mace (protect)
rCold    + . .     Gourm    .   (no shield)
rNeg     . . .     Faith    .   d - +1 ring mail
rPois    .         Spirit   .   (no helmet)
rElec    .         Reflect  .   (no cloak)
rCorr    .         Harm     .   (no gloves)
MR       .....                  (no boots)
Stlth    +.........             (no amulet)
HPRegen  0.16/turn              i - ring of protection from cold {rC+, !d}
MPRegen  0.09/turn              (no ring)

@: protection aura
A: no striking features
a: no special abilities


You were on level 3 of the Dungeon.
You were not hungry.

You visited 1 branch of the dungeon, and saw 3 of its levels.
You also visited: Sewer.

You collected 161 gold pieces.

Inventory:

Hand Weapons
 m - a +0 mace of protection (weapon)
   (You found it on level 2 of the Dungeon)
Missiles
 r - 7 curare-tipped needles
Armour
 d - a +1 ring mail (worn)
   (You found it on level 1 of the Dungeon)
Jewellery
 i - a ring of protection from cold (left hand) {rC+, !d}
   (You took it off a kobold on level 1 of the Dungeon)
Scrolls
 a - a scroll of identify
 e - 5 scrolls of fog
 f - 2 scrolls of enchant armour
 l - 2 scrolls of fear
 q - 3 scrolls of teleportation
Potions
 b - a potion of agility {unknown}
 g - a potion of ambrosia {unknown}
 h - 2 potions of curing
 j - a potion of lignification {unknown}
 k - a potion of might
 n - a potion of mutation {unknown}
 p - 2 potions of brilliance
 s - a potion of haste
 t - a potion of flight {unknown}
 u - a potion of resistance {unknown}
Comestibles
 c - 2 bread rations {@e1}


   Skills:
 + Level 5.9 Fighting
 + Level 4.8 Maces & Flails
 - Level 2.4 Dodging
 - Level 1.5 Stealth


You had 4 spell levels left.
You didn't know any spells.

Dungeon Overview and Level Annotations

Branches:
Dungeon (3/15)

Altars:

Annotations:
D:3 Crazy Yiuf


Message History

You kill the goblin!
You closely miss the quokka.
The quokka bites you but does no damage.
You closely miss the quokka. The quokka closely misses you.
The quokka bites you but does no damage.
You barely miss the quokka.
The quokka bites you but does no damage.
You hit the quokka.
Your weapon exudes an aura of protection.
You kill the quokka!
No target in view!
No target in view!
You now have 161 gold pieces (gained 10).
The leopard gecko is too close now for your liking.
A leopard gecko is nearby!
A leopard gecko is nearby!
A leopard gecko is nearby!
The leopard gecko hisses angrily.
You closely miss the leopard gecko.
The leopard gecko bites you but does no damage.
The leopard gecko barely misses you.
You hit the leopard gecko.
Your weapon exudes an aura of protection.
The leopard gecko bites you but does no damage.
You barely miss the leopard gecko. The leopard gecko barely misses you.
You barely miss the leopard gecko. The leopard gecko misses you.
The leopard gecko bites you.
You take 2 damage, and have 48/50 hp.
You barely miss the leopard gecko. The leopard gecko barely misses you.
You miss the leopard gecko. The leopard gecko bites you.
You take 3 damage, and have 45/50 hp.
You hit the leopard gecko.
Your weapon exudes an aura of protection.
You kill the leopard gecko!
No target in view!
No target in view!
u - a murky purple potion
There is a stone staircase leading down here.
A rat comes into view.
A rat is nearby!
A rat is nearby!
The rat barely misses you.
You closely miss the rat. The rat closely misses you.
The rat barely misses you.
You hit the rat but do no damage.
Your weapon exudes an aura of protection.
The rat barely misses you.
You hit the rat.
You kill the rat!
Health restored: 50 No target in view!
No target in view!
You see here a rat corpse.
A frilled lizard comes into view.
A frilled lizard is nearby!
You see here a ring mail.
The frilled lizard hisses angrily.
You sock the frilled lizard!
Your weapon exudes an aura of protection.
You kill the frilled lizard!
No target in view!
No target in view!
All of the chunks of flesh in your inventory have rotted away.
Partly explored, unopened runed door.
Partly explored, unopened runed door.
Okay, then.
Can't find anything matching that.
Search for what [Enter for "bloow", or ? for help]? blow Can't find anything matching that.
As you open the door, it creaks loudly!
Crazy Yiuf the Enlightened comes into view.
He is wielding a quarterstaff of chaos.
Crazy Yiuf shouts!
Okay, then.
You barely miss Crazy Yiuf.
Crazy Yiuf hits you with a quarterstaff of chaos!
Space bends around you.
You take 14 damage, and have 36/50 hp.
MASSIVE DAMAGE!!
You sock Crazy Yiuf!
Your weapon exudes an aura of protection.
Crazy Yiuf hits you with a quarterstaff of chaos!
Your surroundings seem slightly different.
You take 7 damage, and have 29/50 hp.
Crazy Yiuf laughs, "Line mobile senile!"
You hit Crazy Yiuf but do no damage.
Crazy Yiuf hits you with a quarterstaff of chaos!
You take 11 damage, and have 18/50 hp.
MASSIVE DAMAGE!!
You hit Crazy Yiuf. Crazy Yiuf closely misses you.
You closely miss Crazy Yiuf.
Crazy Yiuf hits you with a quarterstaff of chaos!
* * * LOW HITPOINT WARNING * * *
Crazy Yiuf burns you.
* * * LOW HITPOINT WARNING * * *
You take 11 damage, and have 7/50 hp.
MASSIVE DAMAGE!!
Okay, then.
You hit Crazy Yiuf.
Crazy Yiuf hits you with a quarterstaff of chaos!
You die...

♣...♣♣ #.##########.
♣♣.♣♣ #............
♣.♣♣ #..#########. ♣♣.♣
#..# #. ♣.♣♣
#..########## ♣♣.♣
#............ ##'##
#..###....### #..g#
#..# ####...# #..@#
#..# ###.. #..)# #..#
#.## ##### #..# #...
#..#######...
##########..#.....#...
##.....................
#......................
#......................
#......................


You could see Crazy Yiuf.

Vanquished Creatures
  Jessica (D:3)
  An adder (D:2)
  2 oozes (D:1)
  5 worms
  5 leopard geckos
  An orc (D:3)
  2 ball pythons
  4 giant cockroaches
  6 hobgoblins
  14 jackals
  2 quokkas (D:3)
  14 bats
  7 frilled lizards
  8 goblins
  6 kobolds
  10 rats
88 creatures vanquished.

Notes
Turn   | Place    | Note
-------+----------+-------------------------------------------
     0 | D:1      | drasked the Hill Orc Monk began the quest for the Orb.
     0 | D:1      | Reached XP level 1. HP: 19/19 MP: 1/1
   319 | D:1      | Reached skill level 4 in Fighting
   319 | D:1      | Reached XP level 2. HP: 26/27 MP: 2/2
   826 | D:1      | Reached XP level 3. HP: 30/33 MP: 3/3
  1046 | D:1      | Reached skill level 4 in Maces & Flails
  1653 | D:2      | Reached XP level 4. HP: 34/41 MP: 4/4
  1746 | D:2      | Reached skill level 5 in Fighting
  2105 | D:3      | Noticed Jessica
  2259 | D:3      | Killed Jessica
  2358 | D:3      | Reached XP level 5. HP: 33/48 MP: 5/5
  2459 | D:3      | Found a glowing drain.
  2476 | Sewer    | Entered a sewer
  2996 | D:3      | Found a runed door.
  3236 | D:3      | Noticed Crazy Yiuf
  3244 | D:3      | HP: 10/50 [Crazy Yiuf/quarterstaff of chaos (8)]
  3245 | D:3      | Slain by Crazy Yiuf

Vault maps used:
D:1:      dpeg_arrival_shrine, serial_bayou_lagoon_a
D:2:      first_bread
D:3:      portal_sewer_entry_a, uniq_crazy_yiuf_cottage, uniq_jessica
Sewer:    sewer_fruit_machine

Skill      XL: |  1  2  3  4 |
---------------+-------------+-----
Fighting       | 4 5 |  5.9
Maces & Flails | 4 |  4.8
Dodging        | |  2.4
Stealth        | |  1.5

Action                   |  1- 3 |  4- 6 || total
-------------------------+-------+-------++-------
Melee: Mace              |   137 |   212 ||   349
  Use: Scroll            |       |    11 ||    11
 Stab: Sleeping          |     2 |       ||     2
  Eat: Chunk             |     2 |     4 ||     6
       Royal jelly       |       |     1 ||     1
Armor: Ring mail         |    55 |   166 ||   221
Dodge: Dodged            |    94 |   220 ||   314

Vault maps used:
D:1:      dpeg_arrival_shrine, serial_bayou_lagoon_a
D:2:      first_bread
D:3:      portal_sewer_entry_a, uniq_crazy_yiuf_cottage, uniq_jessica
Sewer:    sewer_fruit_machine

Table legend:
 A = Turns spent in this place as a percentage of turns spent in the entire game.
 B = Non-inter-level travel turns spent in this place as a percentage of non-inter-level travel turns spent in the entire game.
 C = Inter-level travel turns spent in this place as a percentage of turns spent in this place.
 D = Turns resting spent in this place as a percentage of non-inter-level travel turns spent in this place.
 E = Turns spent auto-exploring this place as a percentage of non-inter-level travel turns spent in this place.
 F = Non-inter-level travel turns spent in this place divided by the number of levels of this place that you've seen.
                   A       B       C       D       E      F
               +-------+-------+-------+-------+-------+----------------------
         Total | 100.0 | 100.0 |   0.5 |   1.4 |   7.1 | 331.5
       Dungeon |  86.5 |  86.4 |   0.6 |   1.7 |   7.2 | 382.0
         Sewer |  13.5 |  13.6 |   0.0 |   0.0 |   6.1 | 180.0
               +-------+-------+-------+-------+-------+----------------------

Table legend:
 A = Kills in this place as a percentage of kills in entire the game.
 B = Kills by you in this place as a percentage of kills by you in the entire game.
 C = Kills by friends in this place as a percentage of kills by friends in the entire game.
 D = Other kills in this place as a percentage of other kills in the entire game.
 E = Experience gained in this place as a percentage of experience gained in the entire game.
 F = Experience gained in this place divided by the number of levels of this place that you have seen.
                   A       B       C       D       E      F
               +-------+-------+-------+-------+-------+----------------------
         Total | 100.0 | 100.0 |  -nan |  -nan | 100.0 |  55.8
       Dungeon |  81.8 |  81.8 |  -nan |  -nan |  87.0 |  64.7
         Sewer |  18.2 |  18.2 |  -nan |  -nan |  13.0 |  29.0
               +-------+-------+-------+-------+-------+----------------------
